 Dungeon Crawl Stone Soup version 0.30-a0-737-gf23d94013f (webtiles) character file.

Game seed: 5203790513900506973

30 themarg the Trooper (level 3, -1/29 HPs)
             Began as a Mummy Cinder Acolyte on Feb 2, 2023.
             Was a High Priest of Ignis.
             Slain by an adder (2 damage)
             ... on level 2 of the Dungeon.
             The game lasted 00:04:29 (1583 turns).

themarg the Trooper (Mummy Cinder Acolyte)          Turns: 1583, Time: 00:04:30

Health: -1/29      AC:  2    Str: 23    XL:     3   Next: 5%
Magic:  1/6        EV: 11    Int: 15    God:    Ignis [*****.]
Gold:   55         SH:  0    Dex:  7    Spells: 4/6 levels left

rFire   . . .      SeeInvis .    a - -1 short sword (flame)
rCold   + . .      Faith    +    (no shield)
rNeg    + + +      Spirit   .    b - +0 robe
rPois   ∞          Reflect  .    (no helmet)
rElec   .          Harm     .    (no cloak)
rCorr   .          Rampage  .    (no gloves)
Will    .....                    (no boots)
Stlth   +                        (no amulet)
HPRegen 0.24/turn                d - +6 ring of strength
MPRegen 0.10/turn                (no ring)

@: no status effects
A: cold resistance 1, negative energy resistance 3, torment resistance 2, heat
vulnerability 1, in touch with death 1, no potions, faith
a: Renounce Religion, Fiery Armour, Foxfire Swarm, Rising Flame


You were on level 2 of the Dungeon.
You worshipped Ignis.
Ignis was extremely pleased with you.
You visited 1 branch of the dungeon, and saw 2 of its levels.

You collected 55 gold pieces.

Inventory:

Hand Weapons
 a - a -1 short sword of flaming (weapon)
Missiles
 e - 14 stones (quivered)
Armour
 b - a +0 robe (worn)
Jewellery
 d - a +6 ring of strength (left hand)
Scrolls
 c - a scroll of enchant armour {unknown}
 f - a scroll of vulnerability {unknown}
 g - a scroll of acquirement {unknown}
 h - 3 scrolls of identify {unknown}


   Skills:
 - Level 3.0 Fighting
 - Level 2.4 Short Blades
 + Level 1.4 Stealth
 - Level 2.0 Spellcasting
 + Level 2.9 Fire Magic


You had 4 spell levels left.
You knew the following spells:

 Your Spells              Type           Power      Damage    Failure   Level
a - Scorch                Fire           20%        2d6       10%         2

Your spell library contained the following spells:

 Spells                   Type           Power      Damage    Failure   Level


Dungeon Overview and Level Annotations

Branches:
Dungeon (2/15)

Altars:


Innate Abilities, Weirdness & Mutations

You are immune to poison.
Your flesh is cold resistant. (rC+)
You are immune to negative energy. (rN+++)
You are immune to unholy pain and torment.
You are vulnerable to heat. (rF-)
You are in touch with the powers of death.
You do not drink.
You have a special connection with the divine. (Faith)


Message History

The adder bites you but does no damage.
Okay, then.
You hit the adder but do no damage.
The adder is heavily wounded.
The adder bites you but does no damage.
You miss the adder.
The adder is heavily wounded.
The adder misses you.
You closely miss the adder.
The adder is heavily wounded.
The adder bites you.
You completely miss the adder.
The adder is heavily wounded.
The adder barely misses you.
You closely miss the adder.
The adder is heavily wounded.
The adder is no longer more vulnerable to fire.
The adder bites you. x2
* * * LOW HITPOINT WARNING * * *
You closely miss the adder.
The adder is heavily wounded.
The adder barely misses you.
You miss the adder.
The adder is heavily wounded.
The adder closely misses you.
You closely miss the adder.
The adder is heavily wounded.
The adder barely misses you.
You closely miss the adder.
The adder is moderately wounded.
The adder bites you.
* * * LOW HITPOINT WARNING * * *
You hit the adder. You burn the adder.
The adder is severely wounded.
The adder bites you.
* * * LOW HITPOINT WARNING * * *
You closely miss the adder.
The adder is severely wounded.
The adder bites you.
You die...

..............
.............
............
...........
..........#
..........#
........#.#
#####S#.#.#
#....@....#
#.###...###
.......+
...#.#####
#..<#.. #.#
### #. #


You could see an adder.

Vanquished Creatures
  A worm (D:2)
  2 dart slugs
  2 ball pythons (D:1)
  2 endoplasms (D:1)
  2 goblins (D:1)
  3 hobgoblins (D:1)
  A bat (D:1)
  2 frilled lizards (D:1)
  3 kobolds (D:1)
  7 rats (D:1)
25 creatures vanquished.

Notes
Turn   | Place    | Note
-------+----------+-------------------------------------------
     0 | D:1      | themarg the Mummy Cinder Acolyte began the quest for the
                  | Orb.
     0 | D:1      | Reached XP level 1. HP: 18/18 MP: 2/2
   437 | D:1      | Reached XP level 2. HP: 24/24 MP: 5/5
   440 | D:1      | Learned a level 2 spell: Scorch
   880 | D:1      | Reached skill level 1 in Stealth
  1572 | D:2      | Gained mutation: You are in touch with the powers of death.
                  | [Mummy growth]
  1572 | D:2      | Reached XP level 3. HP: 15/29 MP: 2/6
  1582 | D:2      | HP: 1/29 [adder (3)]
  1583 | D:2      | Slain by an adder

Illustrated notes

Levels and vault maps discovered:
D:1:      dpeg_arrival_round_c, layout_basic
D:2:      layout_basic, basic_altar, shapermc_ecumenical_altar_mp_vishouse

Skill      XL: |  1  2 |
---------------+-------+-----
Spellcasting   | 2 |  2.0
Stealth        | 1 |  1.4
Fighting       | |  3.0
Short Blades   | |  2.4
Fire Magic     | |  2.9

Action                     || total
---------------------------++-------
  Melee: Short sword       ||    64
         Punch             ||     1
   Cast: Scorch            ||    19
 Armour: Robe              ||    11
  Dodge: Dodged            ||    23

Table legend: (Time is in decaauts)
 A = Elapsed time spent in this place.
 B = Non-inter-level travel time spent in this place.
 C = Inter-level travel time spent in this place.
 D = Time resting spent in this place.
 E = Time spent auto-exploring this place.
 F = Levels seen in this place.
 G = Mean time per level.
                   A        B        C        D        E       F      G
               +--------+--------+--------+--------+--------+-----+--------+
         Total |   1575 |   1532 |     43 |    115 |   1078 |   2 |  787.5 |
       Dungeon |   1575 |   1532 |     43 |    115 |   1078 |   2 |  787.5 |
               +--------+--------+--------+--------+--------+-----+--------+

Top non-repeatable levels by time:
     D:1: 1535 daAuts
     D:2: 39 daAuts
